 Dungeon Crawl Stone Soup version 0.20-a0-622-g01f5896 (webtiles) character file.

37 Jackolantern the Ruffian (level 3, 0/30 HPs)
             Began as a Ghoul Warper on Feb 9, 2017.
             Slain by a goblin (3 damage)
             ... on level 1 of the Dungeon.
             The game lasted 00:02:51 (513 turns).

Jackolantern the Ruffian (Ghoul Warper)              Turns: 513, Time: 00:02:52

Health: 0/30       AC:  4    Str: 14    XL:     3   Next: 41%
Magic:  5/5        EV: 12    Int:  8    God:
Gold:   10         SH:  0    Dex:  9    Spells: 6/6 levels left

rFire    x . .     SeeInvis .     - Unarmed
rCold    + + .     Gourm    .   a - +0 leather armour
rNeg     + + +     Faith    .   (no shield)
rPois    ∞         Spirit   .   h - +0 helmet
rElec    .         Reflect  .   (no cloak)
rCorr    .         Harm     .   (no gloves)
MR       .....                  (no boots)
Stlth    +.........             (no amulet)
Regen    0.1/turn               (no ring)
                                j - ring of ice

@: rotting
A: rotting body, claws 1, carnivore 3, cold resistance 1, negative energy
resistance 3, slow regeneration 1, torment resistance, unbreathing
a: no special abilities


You were on level 1 of the Dungeon.
You were not hungry.

You visited 1 branch of the dungeon, and saw 1 of its levels.

You collected 10 gold pieces.

Inventory:

Missiles
 d - 5 tomahawks of dispersal (quivered)
Armour
 a - a +0 leather armour (worn)
 h - a +0 helmet (worn)
Jewellery
 j - a ring of ice (left claw)
Scrolls
 c - a scroll of blinking
 k - a scroll of teleportation {unknown}
Potions
 e - a potion of mutation {unknown}
 i - 2 potions of heal wounds {unknown}
Books
 b - a book of Spatial Translocations

   Spells                             Type                      Level
   a - Blink                          Translocation                2
   b - Shroud of Golubria             Charms/Translocation         2
   c - Lesser Beckoning               Translocation                3
   d - Portal Projectile              Translocation                3
   e - Teleport Other                 Translocation                3
   f - Passage of Golubria            Translocation                4
Comestibles
 f - 3 meat rations
 g - a chunk of flesh


   Skills:
 + Level 2.5 Fighting
 + Level 0.8 Throwing
 + Level 1.1 Armour
 + Level 2.2 Dodging
 + Level 0.5 Stealth
 + Level 2.7 Unarmed Combat
 + Level 2.1 Spellcasting
   Level 2.6 Translocations


You had 6 spell levels left.
You didn't know any spells.

Dungeon Overview and Level Annotations

Branches:
Dungeon (1/15)

Altars:


Innate Abilities, Weirdness & Mutations

Your body is rotting away.
You thrive on raw meat.
You are immune to poison.
You have sharp fingernails.
You are carnivorous and can eat meat at any time.
Your flesh is cold resistant. (rC+)
You are immune to negative energy. (rN+++)
You regenerate slowly when monsters are visible.
You are immune to unholy pain and torment.
You can survive without breathing.


Message History

[the floor.]
You can't see that place.
Okay, then.
Unknown command.
The kobold barely misses you.
You scratch the kobold.
You kill the kobold!
A goblin comes into view.
The goblin shouts!
The kobold throws a stone.
The stone hits you.
* * * LOW HITPOINT WARNING * * *
Things that are here:
a stone; a short sword The goblin hits you.
* * * LOW HITPOINT WARNING * * *
The kobold throws a stone.
The stone misses you.
Found a hand axe.
You see here 22 sling bullets.
The goblin hits you.
You die...

#....#############.#
#........... #.###
#...#######. #....
#...# #####
######...#
.......†)#
#######..# #..####
#...@.# #########
#.###g# .........
.#######.###.###
######.#
.......(()....)# #.#
########.###.#.....)
#.. # #.# #K#.###..
#.# ##.######
#†###.#[.... ....
$.......###.#....(.#
###.#
w..............###.#
#.#


You could see a goblin and a kobold.

Vanquished Creatures
  A gnoll (D:1)
  4 bats (D:1)
  2 giant cockroaches (D:1)
  4 goblins (D:1)
  2 hobgoblins (D:1)
  4 jackals (D:1)
  3 kobolds (D:1)
  3 frilled lizards (D:1)
  A rat (D:1)
24 creatures vanquished.

Notes
Turn   | Place    | Note
-------+----------+-------------------------------------------
     0 | D:1      | Jackolantern the Ghoul Warper began the quest for the Orb.
     0 | D:1      | Reached XP level 1. HP: 17/17 MP: 2/2
   137 | D:1      | Reached XP level 2. HP: 13/25 MP: 3/3
   267 | D:1      | Reached XP level 3. HP: 14/30 MP: 5/5
   305 | D:1      | Reached skill level 1 in Armour
   513 | D:1      | Slain by a goblin

Vault maps used:
D:1:      dpeg_arrival_round_b, minmay_statues_item, minmay_misc_feat_plants,
          minmay_tromino_i4

Skill      XL: |  1  2  3 |
---------------+----------+-----
Dodging        | 2 |  2.2
Spellcasting   | 2 |  2.1
Armour         | 1 |  1.1
Fighting       | |  2.5
Throwing       | |  0.8
Stealth        | |  0.5
Unarmed Combat | |  2.7
Translocations | |  2.6

Action                   || total
-------------------------++-------
Melee: Unarmed           ||    98
Armor: Leather armour    ||   110
Dodge: Dodged            ||   175
